 Dungeon Crawl Stone Soup version 0.29.1-4-g47bece8355 (webtiles) character file.

Game seed: 280202368563020345

15320 ChadusMaximus the Summoner (level 12, -4/68 HPs)
             Began as a Deep Elf Summoner on Dec 5, 2022.
             Was a Follower of Yredelemnul.
             Slain by a cane toad (18 damage)
             ... on level 1 of the Lair of Beasts.
             The game lasted 00:31:56 (15527 turns).

ChadusMaximus the Summoner (Deep Elf Summoner)     Turns: 15527, Time: 00:31:57

Health: -4/68      AC:  5    Str:  5    XL:     12   Next: 0%
Magic:  14/30      EV: 16    Int: 32    God:    Yredelemnul [*.....]
Gold:   495        SH: 11    Dex: 15    Spells: 22/35 levels left

rFire   . . .      SeeInvis .   O - +3 scimitar
rCold   . . .      Faith    .   B - +2 kite shield
rNeg    . . .      Spirit   .   a - +0 robe
rPois   .          Reflect  .   v - +2 hat
rElec   .          Harm     .   (no cloak)
rCorr   .          Rampage  .   A - +0 pair of gloves
Will    +....                   (no boots)
Stlth   ++........              (no amulet)
HPRegen 0.21/turn               U - +4 ring of slaying
MPRegen 0.22/turn               J - +6 ring of intelligence

@: no status effects
A: no striking features
a: Renounce Religion, Recall Undead Harvest


You were on level 1 of the Lair of Beasts.
You worshipped Yredelemnul.
Yredelemnul was noncommittal.
You visited 3 branches of the dungeon, and saw 12 of its levels.

You collected 495 gold pieces.

Inventory:

Hand Weapons
 c - a +0 club
 e - a +0 dagger
 q - a +0 sling
 r - a +0 rapier
 s - a +0 spear
 O - a +3 scimitar (weapon)
 R - a +0 shortbow
Armour
 a - a +0 robe (worn)
 h - a +0 leather armour
 v - a +2 hat (worn)
 A - a +0 pair of gloves (worn)
 B - a +2 kite shield (worn)
Magical Staves
 p - a staff of fire
Jewellery
 J - a +6 ring of intelligence (right hand)
 K - a ring of protection from fire
 U - a +4 ring of slaying (left hand)
 W - a +6 ring of strength
 X - an amulet of the acrobat
Wands
 C - a wand of roots (21)
 E - a wand of acid (8)
 H - a wand of charming (8)
 L - a wand of polymorph (11)
 Q - a wand of flame (8)
 V - a wand of mindburst (9)
Scrolls
 g - 5 scrolls of teleportation
 l - a scroll of summoning {unknown}
 n - 3 scrolls of magic mapping
 o - a scroll of poison {unknown}
 u - a scroll of amnesia {unknown}
 w - 2 scrolls of vulnerability
 x - a scroll of immolation {unknown}
 y - a scroll of fog {unknown}
 I - 2 scrolls of noise
 M - 2 scrolls of blinking {unknown}
 T - 3 scrolls of enchant weapon {unknown}
Potions
 b - a potion of magic
 d - a potion of degeneration {unknown}
 f - 4 potions of flight
 i - 3 potions of mutation {unknown}
 j - 3 potions of brilliance {unknown}
 k - 2 potions of lignification {unknown}
 m - 6 potions of attraction
 t - 2 potions of might {unknown}
 z - 4 potions of curing
 D - a potion of ambrosia {unknown}
 F - a potion of haste {unknown}
 G - a potion of invisibility {unknown}
 N - a potion of berserk rage {unknown}
 P - a potion of heal wounds {unknown}
Miscellaneous
 S - a tin of tremorstones (2/2)


   Skills:
 + Level 4.9 Fighting
 * Level 10.6 Dodging
 - Level 2.9 Stealth
 + Level 4.8 Shields
 + Level 12.1 Spellcasting
 * Level 14.3 Summonings


You had 22 spell levels left.
You knew the following spells:

 Your Spells              Type           Power      Damage    Failure   Level
a - Summon Small Mammal   Summ           100%       N/A       1%          1
b - Call Canine Familiar  Summ           84%        N/A       1%          3
c - Call Imp              Summ           84%        N/A       1%          2
d - Summon Guardian Gole  Hex/Summ       60%        N/A       1%          3
e - Summon Lightning Spi  Summ/Air       60%        N/A       3%          4

Your spell library contained the following spells:

 Spells                   Type           Power      Damage    Failure   Level
 Beastly Appendage        Tmut           38%        N/A       7%          1
 Necrotise                Necr           76%        1d7       7%          1
 Wereblood                Tmut           19%        N/A       11%         2
 Portal Projectile        Hex/Tloc       38%        N/A       22%         3
 Spider Form              Tmut/Pois      19%        N/A       22%         3
 Tukima's Dance           Hex            19%        N/A       22%         3
 Vampiric Draining        Necr           19%        2d7       22%         3
 Fulminant Prism          Conj/Hex       9%         3d7       56%         4
 Iskenderun's Mystic Bla  Conj/Tloc      19%        2d6       56%         4
 Agony                    Necr           19%        N/A       89%         5
 Blade Hands              Tmut           9%         N/A       89%         5
 Freezing Cloud           Conj/Ice/Air   9%         6-21      89%         5
 Lee's Rapid Deconstruct  Erth           9%         3d8*      89%         5
 Polar Vortex             Ice            9%         N/A       100%        9
 Simulacrum               Ice/Necr       Unusable   N/A       N/A         6

Dungeon Overview and Level Annotations

Branches:
Dungeon (10/15)            Temple (1/1) D:4            Lair (1/5) D:9
    Orc (0/2) D:9

Altars:
Ashenzari
Cheibriados
Dithmenos
Elyvilon
Fedhas
Gozag
Hepliaklqana
Kikubaaqudgha
Makhleb
Nemelex Xobeh
Okawaru
Qazlal
Ru
Sif Muna
Trog
Uskayaw
Vehumet
Wu Jian
Xom
Yredelemnul
Zin
The Shining One

Shops:
D:5 (   D:9 =

Annotations:
D:7 1 runed translucent door, Sikaos's ghost, novice TrFi


Message History

The water moccasin closely misses your warg.
The cane toad attacks as you move away! You block the cane toad's attack.
You feel sick.
Your warg closely misses the yak.
The yak gores your yak zombie. The yak gores your yak zombie!
The yak closely misses your warg.
The yak gores your warg but does no damage.
The water moccasin closely misses your warg.
Your yak zombie barely misses the yak.
Casting: Call Canine Familiar (safe; 1% risk of failure)
Confirm with . or Enter, or press ? or * to list all spells.
You don't know that spell.
You feel sick.
Your warg bites the yak.
The yak barely misses your warg.
Your warg bites the yak!
Casting: Call Canine Familiar (safe; 1% risk of failure)
Confirm with . or Enter, or press ? or * to list all spells.
A guardian golem appears, shielding your allies.
You feel sick. The water moccasin bites your warg! The yak gores your warg.
The yak completely misses your warg. The cane toad stings you.
* * * LOW HITPOINT WARNING * * *
Your warg bites the yak!
Your lightning spire shoots out a bolt of lightning at the yak!
The bolt of electricity hits the yak!!
The yak dies!
You have reached level 12!
You feel clever.
Casting: Summon Guardian Golem (safe; 1% risk of failure)
Confirm with . or Enter, or press ? or * to list all spells.
An electric hum fills the air.
You feel sick.
You are no longer poisoned.
Your lightning spire disappears in a puff of smoke!
The water moccasin completely misses your warg.
The cane toad closely misses your warg. Something gores your yak zombie!
The yak gores your warg!
Your warg closely misses the yak.
The cane toad stings you!
* * * LOW HITPOINT WARNING * * *
The yak gores your warg!
Your warg dies!
Your warg's corpse disappears in a puff of smoke!
You feel better. The cane toad stings you!!
You die...
Your body rises from the dead as a mindless zombie.

Z#.....#.~.#.............##
.Z.P...#.~Z..#.+........>P#
.###.#.#.≈....##.........##
.###.#..#≈#..#####.###.###
..#######≈#### ##.##### ###
#≈# #....#### ### # ####
##.#.#..###.# ####..##
####Y.......## #......#
##@FSSY.§....# ##....>.#
##89##F.Z.....##
#.......###..###.F......P#
##
##......##...##....Z....##
.##
#.........#####...Y....#
..###Z.....#### #........#
....Z......# #........#
##.........# #.#.P#.#.#
####......# ######.###


You could see 2 yaks, 2 cane toads, 2 water moccasins, a friendly guardian golem
(summoned), a friendly lightning spire (summoned, sheltered) and a friendly yak
zombie.

Vanquished Creatures
  A yak (D:10)
  2 centaurs (D:9)
  A jelly (D:4)
  2 adders
  A river rat (D:9)
  5 orcs
  A ball python (D:1)
  An endoplasm (D:3)
  A giant cockroach (D:3)
  2 hobgoblins
  A jackal (D:2)
  A kobold (D:2)
  3 bats
  A frilled lizard (D:2)
  3 goblins
  A rat (D:1)
27 creatures vanquished.

Vanquished Creatures (collateral kills)
  A boulder beetle (D:10)
  3 death yaks (D:9)
  An oklob plant (Lair:1)
  4 black mambas (Lair:1)
  3 cane toads (Lair:1)
  An orange demon (D:8)
  A komodo dragon (Lair:1)
  3 blink frogs (Lair:1)
  A shadow (D:9)
  16 yaks
  A steam dragon (D:9)
  3 vampire mosquitoes (D:10)
  5 water moccasins (Lair:1)
  An ice beast (D:5)
  3 orc warriors (D:9)
  An ogre (D:5)
  3 centaurs
  3 lemures (D:8)
  2 kobold brigands
  A necrophage (D:6)
  5 bullfrogs
  2 gnoll sergeants (D:5)
  3 scorpions
  18 wights
  A howler monkey (D:10)
  3 hounds (D:5)
  3 jellies
  3 orc priests
  2 iguanas
  6 orc wizards
  19 gnolls
  6 adders
  A white imp (D:7)
  2 worms (D:3)
  17 orcs
  3 endoplasms
  4 giant cockroaches
  5 goblins
  A hobgoblin (D:2)
  8 jackals
  8 quokkas
  5 ball pythons
  4 bats
  A frilled lizard (D:2)
  10 kobolds
  3 rats
  A spectral goblin (D:1)
201 creatures vanquished.

Vanquished Creatures (others)
  A two-headed ogre (D:8)
  Amaemon (D:8)
  Pikel (D:8)
  2 black mamba zombies (Lair:1)
  4 yaks
  A blink frog zombie (Lair:1)
  A lemure (D:8)
  A komodo dragon zombie (Lair:1)
  2 wights (D:8)
  3 water moccasin zombies (Lair:1)
  3 yak zombies (Lair:1)
  A bullfrog zombie (Lair:1)
  An orc (D:8)
  A bush (Lair:1)
  11 fungi (Lair:1)
  12 plants (Lair:1)
46 creatures vanquished.

Grand Total: 274 creatures vanquished

Notes
Turn   | Place    | Note
-------+----------+-------------------------------------------
     0 | D:1      | ChadusMaximus the Deep Elf Summoner began the quest for the
                  | Orb.
     0 | D:1      | Reached XP level 1. HP: 10/10 MP: 6/6
   206 | D:1      | Found a faded altar of an unknown god.
   327 | D:1      | Reached XP level 2. HP: 7/15 MP: 4/8
  1949 | D:2      | Reached XP level 3. HP: 19/19 MP: 8/10
  1955 | D:2      | Learned a level 3 spell: Call Canine Familiar
  1958 | D:2      | Learned a level 2 spell: Call Imp
  2280 | D:2      | Reached skill level 5 in Summonings
  2644 | D:2      | Reached XP level 4. HP: 24/24 MP: 12/12
  3489 | D:3      | Reached skill level 6 in Summonings
  3489 | D:3      | Reached XP level 5. HP: 22/28 MP: 6/13
  4064 | D:4      | Found a staircase to the Ecumenical Temple.
  4074 | D:4      | Reached skill level 5 in Spellcasting
  5164 | Temple   | Entered the Ecumenical Temple
  5496 | D:5      | Entered Level 5 of the Dungeon
  5535 | D:5      | Reached skill level 7 in Summonings
  5535 | D:5      | Reached XP level 6. HP: 28/32 MP: 1/16
  5930 | D:5      | Reached XP level 7. HP: 22/36 MP: 13/18
  6092 | D:5      | Reached skill level 8 in Summonings
  6541 | D:5      | Reached skill level 9 in Summonings
  6547 | D:5      | Learned a level 3 spell: Summon Guardian Golem
  6552 | D:5      | Learned a level 4 spell: Summon Lightning Spire
  6766 | D:5      | Found Enoedauh's Weapon Shoppe.
  6932 | D:5      | Reached XP level 8. HP: 41/41 MP: 11/21
  7931 | D:6      | Reached skill level 10 in Summonings
  9240 | D:7      | Reached skill level 11 in Summonings
  9526 | D:7      | Found a runed translucent door.
  9526 | D:7      | Found a shimmering altar of Xom.
  9526 | D:7      | Noticed Sikaos's ghost (novice TrFi)
  9527 | D:7      | Noticed a +2 mace of chaos
  9764 | D:8      | Noticed a two-headed ogre
  9773 | D:8      | Killed a two-headed ogre
  9774 | D:8      | Reached skill level 1 in Fighting
  9774 | D:8      | Reached skill level 1 in Shields
  9774 | D:8      | Reached XP level 9. HP: 47/47 MP: 14/24
  9905 | D:8      | Noticed Pikel
  9926 | D:8      | Killed Pikel
 10106 | D:8      | Reached skill level 5 in Dodging
 10562 | D:8      | Reached skill level 10 in Spellcasting
 10562 | D:8      | Reached skill level 12 in Summonings
 10737 | D:8      | Noticed an orange demon
 10738 | D:8      | Noticed Amaemon
 10768 | D:8      | Killed Amaemon
 10769 | D:8      | Reached XP level 10. HP: 54/54 MP: 10/26
 10776 | D:8      | Killed an orange demon
 11095 | D:9      | Found a stormy altar of Qazlal.
 11095 | D:9      | Found a staircase to the Orcish Mines.
 11202 | D:9      | Found a hazy altar of Hepliaklqana.
 11322 | D:9      | Noticed a death yak
 11329 | D:9      | Killed a death yak
 11333 | D:9      | Noticed a death yak
 11333 | D:9      | Noticed a death yak
 11347 | D:9      | Killed a death yak
 11758 | D:9      | Found Zugruc's Jewellery Boutique.
 11784 | D:9      | Reached skill level 13 in Summonings
 12024 | D:9      | Found a basalt altar of Yredelemnul.
 12024 | D:9      | Found a snail-covered altar of Cheibriados.
 12025 | D:9      | Found a burning altar of Makhleb.
 12076 | D:9      | Found a staircase to the Lair.
 12162 | D:9      | Found a white marble altar of Elyvilon.
 12478 | D:9      | Found a broken altar of Ashenzari.
 12480 | D:9      | Found a glowing silver altar of Zin.
 12527 | D:9      | Killed a death yak
 12528 | D:9      | Reached XP level 11. HP: 60/60 MP: 10/28
 12746 | D:10     | Entered Level 10 of the Dungeon
 12762 | D:10     | Noticed a boulder beetle
 12838 | D:10     | Killed a boulder beetle
 13375 | D:9      | Became a worshipper of Yredelemnul the Dark
 13448 | D:10     | Reached * piety under Yredelemnul
 14106 | Lair:1   | Entered Level 1 of the Lair of Beasts
 14534 | Lair:1   | Reached skill level 10 in Dodging
 14650 | Lair:1   | Reached ** piety under Yredelemnul
 14709 | Lair:1   | Reached skill level 14 in Summonings
 15347 | Lair:1   | Noticed an oklob plant
 15363 | Lair:1   | Killed an oklob plant
 15526 | Lair:1   | Reached XP level 12. HP: 17/68 MP: 17/30
 15527 | Lair:1   | Slain by a cane toad

Illustrated notes

Levels and vault maps discovered:
D:1:      lightli_arrival_windingriver, layout_loops_cross,
          dreamdust_ecumenical_altar_drowned_temple
D:2:      layout_loops_ring
D:3:      layout_rooms, kennysheep_generic_room_15
D:4:      layout_loops_corners, minmay_temple_entry_grid
D:5:      layout_basic, serial_shops, nicolae_shop_bloodbath_and_beyond,
          sigmund_army
D:6:      layout_basic
D:7:      layout_gridville, ebering_ghost_xom
D:8:      layout_gridville, uniq_pikel, uniq_amaemon
D:9:      layout_cave_pools, nicolae_overflow_hidden_temple,
          grunt_qazlal_clouds, mainiacjoe_overflow_big_doors,
          dpeg_lair_monsters, orc_0_dummy, serial_shops, nicolae_shop_stone
D:10:     layout_basic, serial_curves, eino_curves_03, eino_curves_01,
          nzn_sisyphean_effort
Temple:   dpeg_chambers_temple
Lair:1:   layout_roguey, chequers_serial_rivers_micro_b,
          dreamdust_mushroom_princess, minmay_lair_oklob_items,
          beast_lair_carwin_1, serial_bayou_shore_b

Skill      XL: |  1  2  3  4  5  6  7  8  9 10 11 |
---------------+----------------------------------+-----
Summonings     | 5 6 7 9 11 12 13 14 | 14.3
Spellcasting   | 4 5 6 7 9 10 11 12 | 12.1
Fighting       | 1 2 3 4 |  4.9
Dodging        | 4 6 8 10 | 10.6
Shields        | 1 2 3 4 |  4.8
Stealth        | |  2.9

Action                   |  1- 3 |  4- 6 |  7- 9 | 10-12 || total
-------------------------+-------+-------+-------+-------++-------
Melee: Club              |    63 |       |       |       ||    63
       Punch             |     1 |       |       |       ||     1
       Rapier            |       |    22 |       |       ||    22
       Spear             |       |    63 |    16 |       ||    79
       Scimitar          |       |       |       |    20 ||    20
 Cast: Summon Small Mamm |    52 |    39 |    53 |    28 ||   172
       Call Canine Famil |     5 |    21 |    27 |    34 ||    87
       Call Imp          |     4 |    10 |    18 |     7 ||    39
       Summon Guardian G |       |       |     7 |    16 ||    23
       Summon Lightning  |       |       |     9 |    36 ||    45
  Use: Scroll            |       |       |     1 |     4 ||     5
       Potion            |       |       |     1 |     2 ||     3
 Stab: Sleeping          |     5 |     3 |     1 |       ||     9
       Distracted        |     2 |     3 |       |       ||     5
Armor: Robe              |    27 |    15 |     1 |     9 ||    52
Dodge: Dodged            |    96 |    62 |    23 |    34 ||   215
Block: Kite shield       |       |       |     3 |    37 ||    40
